 Dungeon Crawl Stone Soup version 0.30-a0-390-g80c34de65d (webtiles) character file.

Game seed: 3621050828786520871

133 ketsa the Ducker (level 5, -1/39 HPs)
             Began as a Djinni Fire Elementalist on Dec 4, 2022.
             Killed by divine providence
             ... invoked by an orc priest
              (15 damage)
             ... on level 3 of the Dungeon.
             The game lasted 00:05:56 (1581 turns).

ketsa the Ducker (Djinni Fire Elementalist)         Turns: 1581, Time: 00:05:57

Health: -1/39      AC:  2    Str:  7    XL:     5   Next: 40%
Gold:   69         EV: 13    Int: 18    God:
                   SH:  0    Dex: 14

rFire   + + .      SeeInvis .    (no weapon)
rCold   x . .      Faith    .    (no shield)
rNeg    . . .      Spirit   .    a - +0 robe
rPois   ∞          Reflect  .    j - +0 hat {Stlth+}
rElec   .          Harm     .    (no cloak)
rCorr   .          Rampage  .    (no gloves)
Will    .....                    (boots unavailable)
Stlth   +++.......               (no amulet)
HPRegen 0.26/turn                (no ring)
MPRegen 0.00/turn                (no ring)

@: flying
A: sickness immunity, fire resistance 2, cold vulnerability 1, float, innate
caster, HP casting, extra vitality 1
a: no special abilities


You were on level 3 of the Dungeon.
You visited 1 branch of the dungeon, and saw 3 of its levels.

You collected 69 gold pieces.

Inventory:

Hand Weapons
 c - a +0 long sword
 d - a +0 short sword
Missiles
 i - 4 poisoned darts
 r - 2 throwing nets
Armour
 a - a +0 robe (worn)
 j - a +0 hat of stealth (worn)
Scrolls
 b - 2 scrolls of vulnerability {unknown}
 f - 10 scrolls of identify
 g - a scroll of magic mapping {unknown}
 k - 2 scrolls of poison {unknown}
 o - a scroll of fog {unknown}
Potions
 e - 2 potions of haste
 h - a potion of flight {unknown}
 l - a potion of curing {unknown}
 m - 3 potions of heal wounds {unknown}
 n - a potion of lignification {unknown}
 p - a potion of degeneration {unknown}
 q - a potion of resistance {unknown}
 s - a potion of might {unknown}


   Skills:
 + Level 2.4 Fighting
 + Level 3.7 Dodging
 - Level 1.5 Stealth
 + Level 3.2 Spellcasting


You couldn't memorise any spells.
You knew the following spells:

 Your Spells              Type           Power      Damage    Failure   Level
a - Foxfire               Conj/Fire      56%        2x1d6     4%          1
b - Scorch                Fire           28%        2d6       6%          2
c - Kindle Blastsparks    Fire/Tloc/Air  28%        2d12      13%         3
d - Inner Flame           Hex/Fire       14%        N/A       13%         3
e - Flame Wave            Conj/Fire      14%        2d6       38%         4
f - Kiss of Death         Conj/Necr      56%        2d9       4%          1
g - Blink                 Tloc           28%        N/A       6%          2
Your spell library was empty.

Dungeon Overview and Level Annotations

Branches:
Dungeon (3/15)

Altars:
Elyvilon


Innate Abilities, Weirdness & Mutations

You are immune to sickness and miasma.
You are immune to poison.
Your flesh is very heat resistant. (rF++)
You are vulnerable to cold. (rC-)
You float through the air rather than walking.
You learn spells naturally, not from books.
Your magical power is your life essence.
You have superior vitality. (+4 MHP)


Message History

Casting: Foxfire (safe; 4% risk of failure)
Confirm with . or Enter, or press ? or * to list all spells.
You conjure some foxfire!
The foxfire hits the orc priest.
The orc priest is lightly wounded.
The foxfire hits the orc priest.
The orc priest is moderately wounded.
The orc priest mumbles some strange prayers to Beogh against you.
Beogh smites you!
The foxfire hits the orc priest.
The orc priest is heavily wounded.
The foxfire hits the orc priest.
The orc priest is almost dead.
Casting: Foxfire (safe; 4% risk of failure)
Confirm with . or Enter, or press ? or * to list all spells.
You conjure some foxfire!
The foxfire hits the orc priest.
You kill the orc priest!
The orc priest invokes the aid of Beogh against you.
Beogh smites you!
Casting: Foxfire (safe; 4% risk of failure)
Confirm with . or Enter, or press ? or * to list all spells.
You conjure some foxfire!
The foxfire hits the orc.
The orc is heavily wounded.
The foxfire hits the orc.
You kill the orc!
The foxfire hits the orc priest.
The orc priest is lightly wounded.
Casting: Foxfire (safe; 4% risk of failure)
Confirm with . or Enter, or press ? or * to list all spells.
You conjure some foxfire!
The foxfire hits the orc priest.
The orc priest is moderately wounded.
The foxfire hits the orc priest.
The orc priest is heavily wounded.
Casting: Foxfire (safe; 4% risk of failure)
Confirm with . or Enter, or press ? or * to list all spells.
You conjure some foxfire!
The orc priest calls down the wrath of Beogh upon you.
Beogh smites you!
You die...

#....................#....#
#######...............####.#....#
.............##.......# # #...##
....<..####+###.......## +†..+.
.......#############.... #...##
.......'.........?...... +.....
.......##...####........ .##.....
........+....#.+§v...... ........
..#...###....#.#@§§o)... o##.....
..#...........>.v§§..... #...## #
#..#######.#.#.##...## ...... ...
#.#.#.# ..# ..... ## ..## #.#.#.#
.# ..... +. #.#.#.# # .... ##
#.#.#<. .... ..#.### ###.#


You could see an orc priest (ally target).

Vanquished Creatures
  An orc priest (D:3)
  An orc wizard (D:3)
  4 adders (D:2)
  A dart slug (D:2)
  An orc (D:3)
  5 ball pythons
  3 endoplasms
  A giant cockroach (D:1)
  5 goblins
  4 hobgoblins (D:1)
  4 jackals (D:1)
  2 kobolds
  2 quokkas (D:1)
  3 bats
  A frilled lizard (D:1)
  3 rats
41 creatures vanquished.

Vanquished Creatures (others)
  134 foxfires
134 creatures vanquished.

Grand Total: 175 creatures vanquished

Notes
Turn   | Place    | Note
-------+----------+-------------------------------------------
     0 | D:1      | ketsa the Djinni Fire Elementalist began the quest for the
                  | Orb.
     0 | D:1      | ketsa set off with the following spells memorised: Foxfire,
                  | Scorch, Kindle Blastsparks, Inner Flame, Flame Wave.
     0 | D:1      | Reached XP level 1. HP: 15/15 MP: 0/0
   144 | D:1      | Reached XP level 2. HP: 20/22 MP: 0/0
   231 | D:1      | You are sucked into a shaft and drop 1 floor!
   275 | D:2      | Reached skill level 1 in Fighting
   286 | D:2      | Reached XP level 3. HP: 25/27 MP: 0/0
   286 | D:2      | Learned a level 1 spell: Kiss of Death
   484 | D:2      | Reached XP level 4. HP: 30/32 MP: 0/0
   803 | D:1      | Found a faded altar of an unknown god.
  1460 | D:3      | Reached XP level 5. HP: 31/38 MP: 0/0
  1460 | D:3      | Learned a level 2 spell: Blink
  1514 | D:3      | Found a white marble altar of Elyvilon.
  1581 | D:3      | Killed from afar by an orc priest

Illustrated notes

Levels and vault maps discovered:
D:1:      dpeg_arrival_solitude, layout_basic, basic_ecumenical_altar
D:2:      layout_rooms
D:3:      layout_basic, nicolae_overflow_crystal_walls,
          overflow_temple_1_default

Skill      XL: |  1  2  3  4 |
---------------+-------------+-----
Fighting       | 1 2 |  2.4
Dodging        | 3 |  3.7
Spellcasting   | 3 |  3.2
Stealth        | |  1.5

Action                   |  1- 3 |  4- 6 || total
-------------------------+-------+-------++-------
 Cast: Foxfire           |    43 |    44 ||    87
       Scorch            |       |     2 ||     2
  Use: Scroll            |     1 |       ||     1
Armor: Robe              |     4 |     4 ||     8
Dodge: Dodged            |     7 |    18 ||    25

Table legend: (Time is in decaauts)
 A = Elapsed time spent in this place.
 B = Non-inter-level travel time spent in this place.
 C = Inter-level travel time spent in this place.
 D = Time resting spent in this place.
 E = Time spent auto-exploring this place.
 F = Levels seen in this place.
 G = Mean time per level.
                   A        B        C        D        E       F      G
               +--------+--------+--------+--------+--------+-----+--------+
         Total |   1581 |   1512 |     69 |    184 |    772 |   3 |  527.0 |
       Dungeon |   1581 |   1512 |     69 |    184 |    772 |   3 |  527.0 |
               +--------+--------+--------+--------+--------+-----+--------+

Top non-repeatable levels by time:
     D:1: 862 daAuts
     D:2: 560 daAuts
     D:3: 158 daAuts
